 Dungeon Crawl Stone Soup version 0.31-a0-819-gf6de2f5ab6 (webtiles) character file.

Game seed: 14877129035891493169

1348 qw the Skirmisher (level 8, -7/51 HPs)
             Began as a Gargoyle Hunter on Sept 23, 2023.
             Was an Initiate of Okawaru.
             Killed by divine providence
             ... invoked by Jeremiah
              (12 damage)
             ... on level 6 of the Dungeon.
             The game lasted 00:02:26 (4734 turns).

qw the Skirmisher (Gargoyle Hunter)                 Turns: 4734, Time: 00:02:26

Health: -7/51      AC: 12    Str: 16    XL:     8   Next: 63%
Magic:  8/8        EV: 12    Int:  9    God:    Okawaru [......]
Gold:   214        SH:  0    Dex: 15    Spells: 7/7 levels left

rFire   . . .        Y - +3 shortbow
rCold   . . .        (shield currently unavailable)
rNeg    + + .        l - +0 ring mail
rPois   inf          b - +0 helmet
rElec   +            (no cloak)
rCorr   .            (no gloves)
SInv    .            (no boots)
Will    .....        (no amulet)
Stlth   +            g - ring of positive energy
HPRegen 0.28/turn    (no ring)
MPRegen 0.11/turn

%: no passive effects
@: about to teleport
A: sickness immunity, AC +5, negative energy resistance 1, electricity
resistance, torment resistance 1, petrification resistance
a: Renounce Religion


You were on level 6 of the Dungeon.
You worshipped Okawaru.
Okawaru was noncommittal.
You visited 2 branches of the dungeon, and saw 7 of its levels.

You collected 289 gold pieces.
You spent 75 gold pieces at shops.


Innate Abilities, Weirdness & Mutations

You are immune to sickness and miasma.
Your stone body is resilient. (AC +5)
You are immune to poison.
You resist negative energy. (rN+)
You are resistant to electric shocks. (rElec)
You are resistant to unholy torment.
You are immune to petrification.


   Skills:
 + Level 5.7 Fighting
 - Level 9.0 Ranged Weapons
 - Level 2.0 Armour
 - Level 3.3 Dodging
 - Level 1.1 Stealth


You had 7 spell levels left.
You didn't know any spells.
Your spell library was empty.

Inventory:

Hand Weapons
 Y - a +3 shortbow (weapon)
Armour
 b - a +0 helmet (worn)
 l - a +0 ring mail (worn)
Jewellery
 g - a ring of positive energy (left hand)
Scrolls
 a - a scroll of teleportation
 e - a scroll of identify
Potions
 c - a potion of attraction {unknown}
 d - 2 potions of curing
 h - a potion of haste {unknown}
 j - a potion of resistance

Dungeon Overview and Level Annotations

Branches:
Dungeon (6/15)             Temple (1/1) D:5

Altars:
Ashenzari
Cheibriados
Dithmenos
Elyvilon
Fedhas
Hepliaklqana
Kikubaaqudgha
Makhleb
Nemelex Xobeh
Okawaru
Qazlal
Ru
Sif Muna
Vehumet
Wu Jian
Xom
Yredelemnul
Zin
The Shining One

Shops:
D:5 :*   D:6 (

Annotations:
D:2 1 runed translucent door, Crazy Yiuf
D:6 Jeremiah, Maggie


Message History

4726 |||
Found retreat position at 0,-2 (floor) with 0 blocking monsters and 2 monsters attacking at destination at distance 2
4726 ||| Stepping ~*~*~tactically~*~*~ (retreating).
Enter note:
Enter note:
Enter note:
Enter note:
4727 |||
Found retreat position at 0,-1 (floor) with 0 blocking monsters and 2 monsters attacking at destination at distance 1
4727 ||| Stepping ~*~*~tactically~*~*~ (retreating).
The gnoll attacks as it pursues you! The gnoll hits you with a +0 whip.
You shoot an arrow. The arrow barely misses the gnoll.
The arrow barely misses Maggie.
The gnoll hits you with a +0 whip.
You shoot an arrow. The arrow hits the gnoll.
The gnoll is heavily wounded.
The gnoll hits you from afar with a +0 spear!
The gnoll hits you with a +0 whip.
You shoot an arrow. The arrow hits the gnoll.
The gnoll is severely wounded.
The gnoll barely misses you. The gnoll hits you but does no damage.
You shoot an arrow. The arrow hits the gnoll!
You kill the gnoll!
Okawaru accepts your kill.
The gnoll hits you from afar with a +0 spear.
Jeremiah shouts, "Stop it!
Stop making me do this!"
Jeremiah shouts, "O dreadful one, destroy my foe!"
Something smites you!
4732 ||| READING 2 scrolls of teleportation.
As you read the scroll of teleportation, it crumbles to dust.
You feel strangely unstable.
The gnoll hits you from afar with a +0 spear.
You shoot an arrow. The arrow hits the gnoll.
The gnoll is severely wounded.
The gnoll hits you but does no damage. The gnoll misses you.
You shoot an arrow. The arrow hits the gnoll.
You kill the gnoll!
Okawaru accepts your kill.
Jeremiah shouts, "O dreadful one, destroy my foe!"
Something smites you!
You die...
Jeremiah asks, "Is it over?
Can I wake up now?"

###.#####........###'##'###.#.###
..#.# ####............# #.#.###
#'#.################.#..# #.#...[
....#..........#.....#..# #.####.
.[..#.########.#.#......# #.# #.
.............#.#.#.#:#.####)# #.
###.#.######.#.#.#.#.#......# #.
#.#........#.#.#.#.######## #.
###.#.....####.#@#.#.....# #.
....##.##......#)#.#(###.# #.
######.#####'#.#)#.......##### #.
#..........@.##.........###. #
#........###.##.........'?.. #
#........# #.##.........#### #
#........# #b##'#+#######
######........# #bF.........
##............# ##..........


You could see Maggie and Jeremiah.

Vanquished Creatures
  Grinder (D:5)
  Sigmund (D:2)
  Eustachio (D:5)
  A water moccasin (D:5)
  A bullfrog (D:6)
  A scorpion (D:4)
  2 jellies (D:5)
  A gnoll bouda (D:6)
  A hound (D:4)
  An orc priest (D:3)
  2 sleepcaps (D:6)
  Natasha (thrice) (D:4)
  5 iguanas
  7 gnolls
  5 adders
  2 shadow imps (D:6)
  2 white imps (D:5)
  2 worms
  A dart slug (D:5)
  4 orcs
  11 bats
  6 endoplasms
  4 giant cockroaches
  5 goblins
  8 hobgoblins
  8 jackals
  2 quokkas (D:1)
  3 ball pythons
  5 frilled lizards
  6 kobolds
  8 rats
110 creatures vanquished.

Vanquished Creatures (others)
  A butterfly (D:4)
1 creature vanquished.

Grand Total: 111 creatures vanquished

Notes
Turn   | Place    | Note
-------+----------+-------------------------------------------
     0 | D:1      | qw the Gargoyle Hunter began the quest for the Orb.
     0 | D:1      | Reached XP level 1. HP: 12/12 MP: 1/1
     0 | D:1      | 0 ||| qw: Version: 0.3-a-83-gcd0e7d8
     0 | D:1      | 0 ||| qw: Game counter: 1750
     0 | D:1      | 0 ||| qw: Melee chars always use a shield: true
     0 | D:1      | 0 ||| qw: God list: Okawaru
     0 | D:1      | 0 ||| qw: Allow faded altars: false
     0 | D:1      | 0 ||| qw: Do Orc after clearing Dungeon:15 true
     0 | D:1      | 0 ||| qw: Do second Lair branch before Depths: true
     0 | D:1      | 0 ||| qw: Lair rune preference: random
     0 | D:1      | 0 ||| qw: Goals: Normal
     0 | D:1      | 0 ||| PLANNING D:1-11
    87 | D:1      | Reached XP level 2. HP: 17/17 MP: 2/2
   284 | D:1      | Reached XP level 3. HP: 21/21 MP: 3/3
   461 | D:1      | Reached skill level 5 in Ranged Weapons
   472 | D:1      | 472 ||| DRINKING 2 white potions.
   473 | D:1      | 473 ||| DROPPING scroll of butterflies.
   474 | D:1      | 474 ||| DROPPING potion of degeneration.
   512 | D:2      | 512 ||| STAIRDANCE
   616 | D:2      | Found a runed translucent door.
   617 | D:2      | Noticed Crazy Yiuf
   659 | D:2      | Identified the +6 hand axe of Optimality {antimagic, rC+++
                  | Str-3 Dex-5 Stlth+}
   697 | D:2      | Noticed Sigmund
   721 | D:2      | Killed Sigmund
   722 | D:2      | Reached XP level 4. HP: 18/31 MP: 4/4
   722 | D:2      | Reached XP level 5. HP: 20/35 MP: 5/5
  1234 | D:2      | 1234 ||| UPGRADING to +0 helmet.
  1239 | D:2      | 1239 ||| UPGRADING to +0 ring mail.
  1249 | D:2      | 1249 ||| DROPPING +0 leather armour.
  1250 | D:2      | 1250 ||| READING scroll labelled NOMOCK MOWKAI.
  1251 | D:2      | 1251 ||| READING scroll labelled VAIMYCW NUMU.
  1252 | D:2      | 1252 ||| READING scroll labelled UDIRUS HUEPASE.
  1253 | D:2      | 1253 ||| READING scroll labelled EHU XIZIDWUNI.
  1254 | D:2      | 1254 ||| READING scroll labelled JAGUNONTYI.
  1283 | D:3      | Reached XP level 6. HP: 40/40 MP: 6/6
  1388 | D:3      | Reached skill level 1 in Armour
  1589 | D:3      | Identified the +4 dagger of the Eel {flame, Dex+6}
  1753 | D:3      | 1753 ||| READING 3 scrolls labelled LISYME FIHAOPP.
  1756 | D:3      | 1756 ||| DRINKING 3 clear potions.
  1767 | D:4      | 1767 ||| PLANNING OSSUARY
  1880 | D:4      | Noticed Natasha
  1891 | D:4      | HP: 9/40 [Natasha/puff of flame (10)]
  1892 | D:4      | 1892 ||| READING 2 scrolls of teleportation.
  1893 | D:4      | Killed Natasha
  2079 | D:4      | Reached skill level 6 in Ranged Weapons
  2156 | D:4      | Reached XP level 7. HP: 44/44 MP: 7/7
  2191 | D:4      | Noticed Natasha
  2203 | D:4      | Killed Natasha
  2272 | D:4      | Found a white marble altar of Elyvilon.
  2458 | D:4      | 2458 ||| RIP OSSUARY
  2517 | D:4      | 2517 ||| PLANNING D:1-11
  2631 | D:4      | Noticed Natasha
  2636 | D:4      | Killed Natasha
  2720 | D:4      | 2720 ||| UPGRADING to amulet of guardian spirit.
  2725 | D:4      | 2725 ||| UPGRADING to ring of positive energy.
  2726 | D:4      | 2726 ||| DROPPING ring of flight.
  2727 | D:4      | 2727 ||| READING scroll labelled COSUEGH HOFIAT.
  2728 | D:4      | 2728 ||| DRINKING 2 bubbling dark potions.
  2758 | D:4      | 2758 ||| READING 2 scrolls of identify.
  2758 | D:4      | 2758 ||| IDENTIFYING viscous silvery potion
  2759 | D:4      | 2759 ||| DROPPING potion of lignification.
  2796 | D:5      | Entered Level 5 of the Dungeon
  2796 | D:5      | Found Tiadid's Book Shoppe.
  2819 | D:5      | Found Daoruplile's General Store.
  2825 | D:5      | Found Fenirr's Specific Store.
  2829 | D:5      | 2829 ||| READING scroll of enchant weapon.
  2829 | D:5      | 2829 ||| ENCHANTING +1 shortbow.
  2835 | D:5      | 2835 ||| BUYING scroll of teleportation (36 gold).
  2835 | D:5      | Bought a scroll of teleportation for 36 gold pieces
  2839 | D:5      | 2839 ||| BUYING scroll of teleportation (39 gold).
  2839 | D:5      | Bought a scroll of teleportation for 39 gold pieces
  2856 | D:5      | Reached skill level 7 in Ranged Weapons
  2938 | D:5      | Noticed Eustachio
  2944 | D:5      | 2944 ||| Stepping ~*~*~tactically~*~*~ (retreating).
  3000 | D:5      | 3000 ||| FLEEEEING.
  3008 | D:5      | 3008 ||| FLEEEEING.
  3009 | D:5      | 3009 ||| FLEEEEING.
  3010 | D:5      | 3010 ||| FLEEEEING.
  3011 | D:5      | 3011 ||| FLEEEEING.
  3012 | D:5      | 3012 ||| FLEEEEING.
  3013 | D:5      | 3013 ||| FLEEEEING.
  3014 | D:5      | 3014 ||| FLEEEEING.
  3044 | D:5      | Killed Eustachio
  3064 | D:5      | Reached skill level 8 in Ranged Weapons
  3064 | D:5      | Reached XP level 8. HP: 44/50 MP: 6/8
  3271 | D:5      | Noticed Grinder
  3274 | D:5      | Paralysed by Grinder for 3 turns
  3296 | D:5      | Killed Grinder
  3297 | D:5      | Reached skill level 3 in Dodging
  3425 | D:5      | Found a staircase to the Ecumenical Temple.
  3426 | D:5      | 3426 ||| PLANNING TEMPLE
  3426 | D:5      | 3426 ||| READING 2 scrolls labelled WOPA BOEPN.
  3427 | D:5      | 3427 ||| DROPPING scroll of immolation.
  3433 | D:5      | 3433 ||| FLEEEEING.
  3434 | D:5      | 3434 ||| FLEEEEING.
  3435 | D:5      | 3435 ||| FLEEEEING.
  3436 | D:5      | 3436 ||| FLEEEEING.
  3437 | D:5      | 3437 ||| FLEEEEING.
  3438 | D:5      | 3438 ||| FLEEEEING.
  3439 | D:5      | 3439 ||| FLEEEEING.
  3440 | D:5      | 3440 ||| FLEEEEING.
  3451 | D:5      | 3451 ||| FLEEEEING.
  3452 | D:5      | 3452 ||| FLEEEEING.
  3453 | D:5      | 3453 ||| FLEEEEING.
  3454 | D:5      | 3454 ||| FLEEEEING.
  3455 | D:5      | 3455 ||| FLEEEEING.
  3458 | D:5      | 3458 ||| FLEEEEING.
  3459 | D:5      | 3459 ||| FLEEEEING.
  3460 | D:5      | 3460 ||| FLEEEEING.
  3461 | D:5      | 3461 ||| FLEEEEING.
  3462 | D:5      | 3462 ||| FLEEEEING.
  3463 | D:5      | 3463 ||| FLEEEEING.
  3464 | D:5      | 3464 ||| FLEEEEING.
  3465 | D:5      | 3465 ||| FLEEEEING.
  3466 | D:5      | 3466 ||| FLEEEEING.
  3467 | D:5      | 3467 ||| FLEEEEING.
  3468 | D:5      | 3468 ||| FLEEEEING.
  3470 | D:5      | 3470 ||| FLEEEEING.
  3471 | D:5      | 3471 ||| FLEEEEING.
  3473 | D:5      | 3473 ||| FLEEEEING.
  3474 | D:5      | 3474 ||| FLEEEEING.
  3475 | D:5      | 3475 ||| FLEEEEING.
  3476 | D:5      | 3476 ||| FLEEEEING.
  3477 | D:5      | 3477 ||| FLEEEEING.
  3478 | D:5      | 3478 ||| FLEEEEING.
  3479 | D:5      | 3479 ||| FLEEEEING.
  3480 | D:5      | 3480 ||| FLEEEEING.
  3481 | D:5      | 3481 ||| FLEEEEING.
  3482 | D:5      | 3482 ||| FLEEEEING.
  3483 | D:5      | 3483 ||| FLEEEEING.
  3484 | D:5      | 3484 ||| FLEEEEING.
  3485 | D:5      | 3485 ||| FLEEEEING.
  3486 | D:5      | 3486 ||| FLEEEEING.
  3487 | D:5      | 3487 ||| FLEEEEING.
  3491 | D:5      | 3491 ||| FLEEEEING.
  3492 | D:5      | 3492 ||| FLEEEEING.
  3493 | D:5      | 3493 ||| FLEEEEING.
  3494 | D:5      | 3494 ||| FLEEEEING.
  3504 | D:5      | 3504 ||| FLEEEEING.
  3505 | D:5      | 3505 ||| FLEEEEING.
  3506 | D:5      | 3506 ||| FLEEEEING.
  3507 | D:5      | 3507 ||| FLEEEEING.
  3508 | D:5      | 3508 ||| FLEEEEING.
  3509 | D:5      | 3509 ||| FLEEEEING.
  3513 | D:5      | 3513 ||| FLEEEEING.
  3514 | D:5      | 3514 ||| FLEEEEING.
  3515 | D:5      | 3515 ||| FLEEEEING.
  3519 | D:5      | 3519 ||| FLEEEEING.
  3520 | D:5      | 3520 ||| FLEEEEING.
  3521 | D:5      | 3521 ||| FLEEEEING.
  3522 | D:5      | 3522 ||| FLEEEEING.
  3523 | D:5      | 3523 ||| FLEEEEING.
  3524 | D:5      | 3524 ||| FLEEEEING.
  3525 | D:5      | 3525 ||| FLEEEEING.
  3527 | D:5      | 3527 ||| STAIRDANCE
  3535 | D:5      | 3535 ||| STAIRDANCE
  3635 | Temple   | Entered the Ecumenical Temple
  3636 | Temple   | 3636 ||| PLANNING OKAWARU WORSHIP
  3656 | Temple   | Became a worshipper of Warmaster Okawaru
  3657 | Temple   | 3657 ||| PLANNING D:1-11
  3657 | Temple   | 3657 ||| REMOVING amulet of guardian spirit.
  3662 | Temple   | 3662 ||| DROPPING amulet of guardian spirit.
  4028 | D:6      | 4028 ||| READING scroll of enchant weapon.
  4028 | D:6      | 4028 ||| ENCHANTING +2 shortbow.
  4071 | D:6      | Noticed Maggie
  4084 | D:6      | HP: 11/50 [Maggie/+1 war axe of flaming (2)]
  4085 | D:6      | 4085 ||| READING 3 scrolls of teleportation.
  4088 | D:6      | 4088 ||| FLEEEEING.
  4089 | D:6      | 4089 ||| FLEEEEING.
  4090 | D:6      | 4090 ||| FLEEEEING.
  4091 | D:6      | 4091 ||| STAIRDANCE
  4223 | D:5      | 4223 ||| READING scroll labelled ADAOWK BODIA.
  4224 | D:5      | 4224 ||| DRINKING 4 purple potions.
  4225 | D:5      | 4225 ||| DROPPING 3 potions of brilliance.
  4440 | D:6      | Found Hufutzuch's Weapon Shop.
  4471 | D:6      | Reached skill level 9 in Ranged Weapons
  4704 | D:6      | 4704 ||| FLEEEEING.
  4705 | D:6      | 4705 ||| FLEEEEING.
  4706 | D:6      | 4706 ||| FLEEEEING.
  4708 | D:6      | 4708 ||| RETREEAATING.
  4711 | D:6      | Noticed Jeremiah
  4712 | D:6      | 4712 ||| STILL RETREEAATING.
  4713 | D:6      | 4713 ||| STILL RETREEAATING.
  4715 | D:6      | 4715 ||| Stepping ~*~*~tactically~*~*~ (retreating).
  4716 | D:6      | 4716 ||| Stepping ~*~*~tactically~*~*~ (retreating).
  4717 | D:6      | 4717 ||| Stepping ~*~*~tactically~*~*~ (retreating).
  4718 | D:6      | 4718 ||| Stepping ~*~*~tactically~*~*~ (retreating).
  4719 | D:6      | 4719 ||| Stepping ~*~*~tactically~*~*~ (retreating).
  4724 | D:6      | 4724 ||| Stepping ~*~*~tactically~*~*~ (retreating).
  4725 | D:6      | 4725 ||| Stepping ~*~*~tactically~*~*~ (retreating).
  4726 | D:6      | 4726 ||| Stepping ~*~*~tactically~*~*~ (retreating).
  4727 | D:6      | 4727 ||| Stepping ~*~*~tactically~*~*~ (retreating).
  4731 | D:6      | HP: 7/51 [Jeremiah/divine providence (12)]
  4732 | D:6      | 4732 ||| READING 2 scrolls of teleportation.
  4734 | D:6      | Killed from afar by Jeremiah

Levels and vault maps discovered:
D:1:      dpeg_arrival_yet_another_circle, layout_rooms
D:2:      layout_basic, uniq_crazy_yiuf_cottage, uniq_sigmund
D:3:      layout_rooms
D:4:      layout_loops_ring, nicolae_elyvilon_peaceful_grove,
          nicolae_ossuary_entry_monument, uniq_natasha
D:5:      layout_loops_ring, minmay_temple_entry_statues_pillars, serial_shops,
          shop, nicolae_specific_store, uniq_eustachio, uniq_grinder
D:6:      layout_basic, serial_shops, nicolae_shop_tiny_real_fake_doors,
          uniq_jeremiah, uniq_maggie
Temple:   regret_index_temple_mists

Skill      XL: |  1  2  3  4  5  6  7  8 |
---------------+-------------------------+-----
Ranged Weapons | 5 6 8 9 |  9.0
Fighting       | 5 |  5.7
Armour         | 1 2 |  2.0
Dodging        | 3 |  3.3
Stealth        | |  1.1

Action                     |  1- 3 |  4- 6 |  7- 9 || total
---------------------------+-------+-------+-------++-------
   Fire: Shortbow          |   132 |   133 |   264 ||   529
    Use: Potion            |     1 |     1 |     2 ||     4
         Scroll            |       |     7 |     8 ||    15
 Armour: Leather armour    |    53 |    16 |       ||    69
         Ring mail         |       |    28 |   115 ||   143
  Dodge: Dodged            |    62 |    35 |    86 ||   183

Table legend:
 A = Non-vault XP
 B = Vault XP
 C = Vault XP percentage of total XP
 D = Non-vault monster count
 E = Vault monster count
 F = Vault count percentage of total count
                 A         B        C        D         E       F
            +---------+---------+-------+---------+---------+-------
      Total |    1199 |     743 |  38.3 |     106 |       4 |   3.6
            +---------+---------+-------+---------+---------+-------
        D:1 |      44 |       0 |   0.0 |      31 |       0 |   0.0
        D:2 |      43 |     231 |  84.3 |      19 |       1 |   5.0
        D:3 |      73 |       0 |   0.0 |      17 |       0 |   0.0
        D:4 |     344 |      35 |   9.2 |      15 |       1 |   6.2
        D:5 |     371 |     477 |  56.2 |      13 |       2 |  13.3
        D:6 |     324 |       0 |   0.0 |      11 |       0 |   0.0
            +---------+---------+-------+---------+---------+-------
